 Dungeon Sprint DCSS version 0.31-a0-986-g5e6e4ef867 (webtiles) character file.

Game seed: 7904119419700112750

1237 fozzywoppz the Covert (level 8, -2/58 HPs)
             Began as an Octopode Brigand on Nov 16, 2023.
             Was a Follower of Okawaru.
             Slain by a gargoyle
             ... wielding a +0 mace
              (23 damage)
             ... in the Dungeon (Sprint IX: "|||||||||||||||||||||||||||||").
             The game lasted 00:04:12 (403 turns).

fozzywoppz the Covert (Octopode Brigand)             Turns: 403, Time: 00:04:12

Health: -2/58      AC:  3    Str: 11    XL:     8   Next: 49%
Magic:  13/13      EV: 20    Int: 16    God:    Okawaru [*.....]
Gold:   0          SH:  0    Dex: 15    Spells: 7/7 levels left

rFire   . . .        o - +2 rapier (holy)
rCold   . . .        (no shield)
rNeg    . . .        (helmet restricted)
rPois   .            (no amulet)
rElec   .            m - +2 ring of protection
rCorr   .            n - +3 ring of intelligence
SInv    .            (no ring)
Will    .....        (no ring)
Stlth   ++++++++     (no ring)
HPRegen 0.29/turn    (no ring)
MPRegen 0.13/turn    (no ring)
                     (no ring)

%: no teleportation
@: heroic
A: almost no armour, amphibious, 8 rings, camouflage 1, gelatinous body 1,
(nimble swimmer 1), tentacles
a: Renounce Religion, Heroism


You were in the Dungeon.
You worshipped Okawaru.
Okawaru was aware of your devotion.
You visited 1 branch

Inventory:

Hand Weapons
 a - a +2 dagger
 o - a +2 rapier of holy wrath (weapon)
Missiles
 b - 9 poisoned darts (quivered)
 c - 3 curare-tipped darts
Jewellery
 m - a +2 ring of protection (left tentacle)
 n - a +3 ring of intelligence (right tentacle)
Wands
 l - a wand of light (6)
Scrolls
 i - a scroll of blinking
 k - 2 scrolls of amnesia
Potions
 d - 5 potions of curing
 e - 2 potions of heal wounds
 f - a potion of haste
 g - 4 potions of magic
 h - a potion of berserk rage
 j - a potion of invisibility


   Skills:
 + Level 6.5(11.5) Fighting
 + Level 8.9(13.9) Short Blades
 - Level 6.2(11.2) Throwing
 + Level 8.7(13.7) Dodging
 + Level 13.2(18.2) Stealth
 + Level 6.7 Invocations


You had 7 spell levels left.
You didn't know any spells.
Your spell library was empty.

Dungeon Overview and Level Annotations

Branches:
Dungeon (1/1)

Altars:
Cheibriados
Dithmenos
Elyvilon
Fedhas
Gozag
Hepliaklqana
Kikubaaqudgha
Makhleb
Nemelex Xobeh
Okawaru
Qazlal
Ru
Sif Muna
Trog
Uskayaw
Vehumet
Wu Jian
Xom
Yredelemnul
Zin
The Shining One
Jiyva
Lugonu


Innate Abilities, Weirdness & Mutations

You cannot wear most types of armour.
You are amphibious.
You can wear up to eight rings at the same time.
Your skin changes colour to match your surroundings (Stealth+).
Your rubbery body absorbs attacks. (AC +1, EV +1)
((You are camouflaged when in or above water. (Stealth+)))
You have tentacles for arms and can constrict up to eight enemies at once.


Message History

You kill the red ugly thing!
Okawaru is honoured by your kill.
Your base Fighting skill increases to level 6!
Your base Stealth skill increases to level 13!
Your Invocations skill increases to level 6!
Unknown command.
You start resting.
You feel like a meek peon again.
You start resting.
Magic restored.
You start resting.
HP restored.
You gain the combat prowess of a mighty hero.
Items here: ) [[ †.
You see here a +1 chain mail of poison resistance.
Items here: [[ †††.
There is an open door to the Dungeon, spattered with blood here.
You see here a howler monkey skeleton.
The tengu warrior shouts!
The centaur warrior shouts!
The komodo dragon hisses angrily.
There is an open door here.
You hit the gargoyle but do no damage. You grab the gargoyle.
You constrict the gargoyle, but do no damage.
The gargoyle hits you with a +0 mace!
You hit the gargoyle.
The gargoyle is lightly damaged.
You constrict the gargoyle, but do no damage.
You hit the gargoyle but do no damage.
The gargoyle is lightly damaged.
You constrict the gargoyle, but do no damage.
The gargoyle hurls a stone arrow at you.
The stone arrow hits you!!
You hit the gargoyle but do no damage.
You squeeze the gargoyle, but do no damage.
The gargoyle is lightly damaged.
You constrict the gargoyle, but do no damage.
You hit the gargoyle but do no damage.
The gargoyle is lightly damaged.
You constrict the gargoyle. The gargoyle hits you with a +0 mace!!
You die...

▓'▓
▓÷▓
▓.▓
▓.▓
▓.▓
▓.▓
▓.▓
▓'▓
▓@▓
▓9▓
▓Q▓
▓u▓
▓c▓
▓l▓
▓+▓


You could see a red ugly thing, a tengu warrior, a centaur warrior, a komodo
dragon and a gargoyle.

Vanquished Creatures
  An ugly thing (D)
  A troll (D)
  A yak (D)
  A steam dragon (D)
  A black bear (D)
  A gnoll sergeant (D)
  A scorpion (D)
  A killer bee (D)
  A howler monkey (D)
  2 hounds (D)
  An iguana (D)
  A dart slug (D)
  2 bats (D)
  A quokka (D)
  A frilled lizard (D)
17 creatures vanquished.

Notes
Turn   | Place    | Note
-------+----------+-------------------------------------------
     0 | D        | fozzywoppz the Octopode Brigand began the quest for the
                  | Orb.
     0 | D        | Reached XP level 1. HP: 14/14 MP: 1/1
    18 | D        | Reached skill level 6 in Stealth
    18 | D        | Reached XP level 2. HP: 12/19 MP: 2/2
    50 | D        | Noticed a scorpion
    50 | D        | Noticed a black bear
    52 | D        | Killed a scorpion
    53 | D        | Reached skill level 7 in Stealth
    53 | D        | Reached XP level 3. HP: 24/24 MP: 3/3
    53 | D        | Reached XP level 4. HP: 29/29 MP: 4/4
    66 | D        | Killed a black bear
    67 | D        | Reached skill level 5 in Short Blades
    67 | D        | Reached skill level 5 in Throwing
    67 | D        | Reached skill level 5 in Dodging
    67 | D        | Reached skill level 9 in Stealth
    67 | D        | Reached XP level 5. HP: 34/34 MP: 5/5
    80 | D        | Reached skill level 10 in Stealth
    80 | D        | Reached XP level 6. HP: 24/39 MP: 6/6
    93 | D        | Found a snail-covered altar of Cheibriados.
    93 | D        | Found a shadowy altar of Dithmenos.
    93 | D        | Found a white marble altar of Elyvilon.
    93 | D        | Found a blossoming altar of Fedhas.
    93 | D        | Found an opulent altar of Gozag.
    94 | D        | Found a hazy altar of Hepliaklqana.
    95 | D        | Found a viscous altar of Jiyva.
    96 | D        | Found an ancient bone altar of Kikubaaqudgha.
    97 | D        | Found a corrupted altar of Lugonu.
    98 | D        | Found a burning altar of Makhleb.
    99 | D        | Found a sparkling altar of Nemelex Xobeh.
   100 | D        | Found an iron altar of Okawaru.
   101 | D        | Found a stormy altar of Qazlal.
   102 | D        | Found a sacrificial altar of Ru.
   103 | D        | Found a shimmering blue altar of Sif Muna.
   104 | D        | Found a bloodstained altar of Trog.
   105 | D        | Found a hide-covered altar of Uskayaw.
   106 | D        | Found a radiant altar of Vehumet.
   107 | D        | Found an ornate altar of the Wu Jian Council.
   108 | D        | Became a worshipper of Warmaster Okawaru
   109 | D        | Found a shimmering altar of Xom.
   110 | D        | Found a basalt altar of Yredelemnul.
   111 | D        | Found a glowing silver altar of Zin.
   112 | D        | Found a glowing golden altar of the Shining One.
   154 | D        | Noticed a troll
   154 | D        | Noticed a steam dragon
   154 | D        | Noticed a yak
   159 | D        | Reached skill level 1 in Invocations
   174 | D        | Killed a troll
   175 | D        | Reached skill level 11 in Stealth
   175 | D        | Reached XP level 7. HP: 21/49 MP: 7/10
   178 | D        | Killed a yak
   178 | D        | Reached * piety under Okawaru
   179 | D        | Reached skill level 5 in Fighting
   179 | D        | Reached skill level 12 in Stealth
   179 | D        | Reached skill level 5 in Invocations
   179 | D        | Killed a steam dragon
   188 | D        | Reached XP level 8. HP: 28/57 MP: 8/12
   290 | D        | Noticed a red ugly thing
   290 | D        | Noticed a gargoyle
   290 | D        | Noticed a tengu warrior
   290 | D        | Noticed a red ugly thing
   290 | D        | Noticed a centaur warrior
   290 | D        | Noticed a komodo dragon
   311 | D        | Killed a red ugly thing
   311 | D        | Reached ** piety under Okawaru
   312 | D        | Reached skill level 13 in Stealth
   403 | D        | Slain by a gargoyle

Illustrated notes

Levels and vault maps discovered:
D:        linesprint [early_d, line_temple, items_1, d_10, items_2, lair_1,
          lair_end, items_3, orc_1, orc_end, items_4, d_15, swamp_1, shoals_1,
          snake_1, spider_1, d_20, vaults_1, items_5, swamp_end, shoals_end,
          snake_end, spider_end, vaults_end, d_27, items_6, zot_1, zot_end,
          crypt_end, forest_end, elf_end, slime_end, tomb_end, abyss_end,
          pan_hell_end]

Skill      XL: |  1  2  3  4  5  6  7  8 |
---------------+-------------------------+-----
Dodging        | 2 3 5 6 7 8 |  8.7
Stealth        | 6 7 9 10 11 12 13 | 13.2
Short Blades   | 4 5 6 7 8 |  8.9
Throwing       | 4 5 6 |  6.2
Invocations    | 4 5 6 |  6.7
Fighting       | 4 5 6 |  6.5

Action                     |  1- 3 |  4- 6 |  7- 9 || total
---------------------------+-------+-------+-------++-------
  Melee: Dagger            |    14 |    17 |       ||    31
         Constrict         |     4 |     5 |     2 ||    11
         Tentacles         |     2 |     8 |     5 ||    15
         Punch             |       |     1 |       ||     1
         Rapier            |       |     9 |    16 ||    25
  Throw: Dart              |       |     7 |     6 ||    13
 Invoke: Heroism           |       |       |     2 ||     2
  Evoke: Wand              |       |     2 |     2 ||     4
    Use: Potion            |       |     1 |       ||     1
         Scroll            |       |       |     1 ||     1
   Stab: Sleeping          |     1 |       |       ||     1
 Armour: Skin              |     5 |    11 |     4 ||    20
  Dodge: Dodged            |     6 |    23 |     7 ||    36

Table legend: (Time is in decaauts)
 A = Elapsed time spent in this place.
 B = Non-inter-level travel time spent in this place.
 C = Inter-level travel time spent in this place.
 D = Time resting spent in this place.
 E = Time spent auto-exploring this place.
 F = Levels seen in this place.
 G = Mean time per level.
                   A        B        C        D        E       F      G
               +--------+--------+--------+--------+--------+-----+--------+
         Total |    383 |    383 |      0 |    170 |      0 |   1 |  383.0 |
       Dungeon |    383 |    383 |      0 |    170 |      0 |   1 |  383.0 |
               +--------+--------+--------+--------+--------+-----+--------+

Top non-repeatable levels by time:
       D: 383 daAuts
